 Dungeon Crawl Stone Soup version 0.29.0-4-gdea44cf6ec (webtiles) character file.

Game seed: 13340554318360246828

73 qw the Chopper (level 4, 0/26 HPs)
             Began as a Tengu Warper on Aug 28, 2022.
             Succumbed to a kobold's poison
             ... on level 3 of the Dungeon.
             The game lasted 00:00:13 (2396 turns).

qw the Chopper (Tengu Warper)                       Turns: 2396, Time: 00:00:13

Health: 0/26       AC:  7    Str: 14    XL:     4   Next: 27%
Magic:  8/8        EV:  9    Int: 13    God:
Gold:   116        SH:  0    Dex: 13    Spells: 7/7 levels left

rFire   + . .      SeeInvis .   Y - +4 hand axe
rCold   . . .      Faith    .   (no shield)
rNeg    . . .      Spirit   .   l - +0 scale mail
rPois   .          Reflect  .   (helmet restricted)
rElec   .          Harm     .   g - +0 cloak
rCorr   .          Rampage  .   (no gloves)
Will    .....                   (boots unavailable)
Stlth   ..........              (no amulet)
HPRegen 0.08/turn               f - ring of protection from fire
MPRegen 0.11/turn               (no ring)

@: lethally poisoned (0 -> -3)
A: beak, talons 3
a: no special abilities


You were on level 3 of the Dungeon.
You visited 1 branch of the dungeon, and saw 3 of its levels.

You collected 116 gold pieces.


Innate Abilities, Weirdness & Mutations

You have a beak for a mouth.
You have claws for feet.


   Skills:
 - Level 2.0 Fighting
 + Level 4.9 Axes
 - Level 1.0 Throwing
 - Level 1.1 Armour
 - Level 2.1 Dodging
 - Level 2.0 Spellcasting
 - Level 2.4 Translocations


You had 7 spell levels left.
You didn't know any spells.
Your spell library contained the following spells:

 Spells                   Type           Power      Damage    Failure   Level
 Blink                    Tloc           14%        N/A       54%         2
 Gell's Gravitas          Tloc           7%         N/A       77%         3
 Lesser Beckoning         Tloc           7%         N/A       77%         3
 Teleport Other           Tloc           7%         N/A       77%         3
 Manifold Assault         Tloc           7%         N/A       100%        5

Inventory:

Hand Weapons
 a - a +0 flail
 Y - a +4 hand axe (weapon)
Armour
 g - a +0 cloak (worn)
 l - a +0 scale mail (worn)
Jewellery
 f - a ring of protection from fire (left hand)
Scrolls
 c - a scroll of poison {unknown}
 e - a scroll of identify
Potions
 b - a potion of might
 d - 4 potions of curing
 h - a potion of mutation {unknown}

Dungeon Overview and Level Annotations

Branches:
Dungeon (3/15)

Altars:
Elyvilon


Message History

You feel sick.
2379 ||| FLEEEEING.
You feel sick.
You are no longer poisoned.
The kobold throws a poisoned dart.
The poisoned dart hits you!
You are poisoned.
2380 ||| FLEEEEING.
You feel very sick.
2381 ||| FLEEEEING.
You feel sick.
2382 ||| FLEEEEING.
You feel sick.
2383 ||| FLEEEEING.
You feel sick.
The kobold throws a poisoned dart.
The poisoned dart barely misses you.
2384 ||| FLEEEEING.
You feel sick.
You feel sick.
2386 ||| FLEEEEING.
You feel sick.
2387 ||| FLEEEEING.
You feel sick.
You feel sick.
You are no longer poisoned.
2389 ||| FLEEEEING.
2390 ||| FLEEEEING.
Found 4 gold pieces.
2391 ||| FLEEEEING.
The kobold throws a poisoned dart.
The poisoned dart hits you!
You are lethally poisoned!
2392 ||| FLEEEEING.
You feel sick.
The kobold throws a poisoned dart.
The poisoned dart closely misses you.
2393 ||| FLEEEEING.
You feel sick.
2394 ||| FLEEEEING.
You feel sick.
The kobold throws a poisoned dart.
The poisoned dart barely misses you.
2395 ||| FLEEEEING.
You feel sick.
You die...

##.. .. #.# ##... ..###K# ...#
.###..# ###### #.######...####
#....#.# ####....K.........
####.##.#.# #....#.#....#.####
#.......#.# #.##.#.##.....#
#.##.#..#.# #.##.#....#.###
#.##.#..#.# #@##.#......#
#.##.#..#.####.#.........#
#.##.####.....)#####.#.....#
#.##...............).#.....#
#.#############################
#..............................
##############################.
#. #.


There were no monsters in sight!

Vanquished Creatures
  An adder (D:2)
  2 worms (D:2)
  2 dart slugs
  An orc (D:2)
  9 ball pythons (D:2)
  4 endoplasms
  5 giant cockroaches
  8 goblins
  3 hobgoblins
  5 kobolds
  A quokka (D:1)
  3 bats (D:1)
  A frilled lizard (D:2)
  3 rats
48 creatures vanquished.

Vanquished Creatures (others)
  2 fungi (D:2)
2 creatures vanquished.

Grand Total: 50 creatures vanquished

Notes
Turn   | Place    | Note
-------+----------+-------------------------------------------
     0 | D:1      | qw the Tengu Warper began the quest for the Orb.
     0 | D:1      | Reached XP level 1. HP: 12/12 MP: 4/4
     0 | D:1      | 0 ||| qw: Version: 0.1-a-89-g26bdef1
     0 | D:1      | 0 ||| qw: Game counter: 1667
     0 | D:1      | 0 ||| qw: Always use a shield: true
     0 | D:1      | 0 ||| qw: God list: Okawaru
     0 | D:1      | 0 ||| qw: Allow faded altars: false
     0 | D:1      | 0 ||| qw: Do Orc after D:15 true
     0 | D:1      | 0 ||| qw: Do second Lair branch before Depths: true
     0 | D:1      | 0 ||| qw: Lair rune preference: random
     0 | D:1      | 0 ||| qw: Plans: Normal
     0 | D:1      | 0 ||| PLANNING D:1-11
    13 | D:1      | 13 ||| Stepping ~*~*~tactically~*~*~ (hiding).
   115 | D:1      | 115 ||| Stepping ~*~*~tactically~*~*~ (hiding).
   217 | D:1      | 217 ||| Stepping ~*~*~tactically~*~*~ (hiding).
   409 | D:1      | Reached skill level 3 in Axes
   409 | D:1      | Reached XP level 2. HP: 17/17 MP: 6/6
  1091 | D:1      | 1091 ||| UPGRADING to +0 cloak.
  1096 | D:1      | 1096 ||| UPGRADING to +0 scale mail.
  1106 | D:1      | 1106 ||| DROPPING +0 leather armour.
  1107 | D:1      | 1107 ||| READING scroll labelled MYICSA NYCISS.
  1108 | D:1      | 1108 ||| READING scroll labelled XYITSOGI CIKYO.
  1111 | D:1      | 1111 ||| READING scroll labelled ETSEEMOOGG.
  1112 | D:1      | 1112 ||| READING scroll labelled VEETZEI WOOPNAB.
  1113 | D:1      | 1113 ||| DRINKING 4 fuming brown potions.
  1114 | D:1      | 1114 ||| DROPPING scroll of blinking.
  1125 | D:2      | Reached XP level 3. HP: 21/21 MP: 7/7
  1128 | D:2      | 1128 ||| Stepping ~*~*~tactically~*~*~ (stealth).
  1131 | D:2      | 1131 ||| Stepping ~*~*~tactically~*~*~ (hiding).
  1135 | D:2      | 1135 ||| Stepping ~*~*~tactically~*~*~ (hiding).
  1145 | D:2      | 1145 ||| Stepping ~*~*~tactically~*~*~ (stealth).
  1146 | D:2      | 1146 ||| Stepping ~*~*~tactically~*~*~ (stealth).
  1151 | D:2      | Reached skill level 4 in Axes
  1160 | D:2      | 1160 ||| DROPPING +0 club.
  1166 | D:2      | Found a faded altar of an unknown god.
  1264 | D:2      | Found a white marble altar of Elyvilon.
  1477 | D:2      | 1477 ||| Stepping ~*~*~tactically~*~*~ (stealth).
  1766 | D:2      | 1766 ||| Stepping ~*~*~tactically~*~*~ (stealth).
  1778 | D:2      | Reached XP level 4. HP: 19/26 MP: 8/8
  1977 | D:2      | 1977 ||| Stepping ~*~*~tactically~*~*~ (stealth).
  1978 | D:2      | 1978 ||| Stepping ~*~*~tactically~*~*~ (stealth).
  2035 | D:2      | 2035 ||| SWAPPING to +3 hand axe.
  2036 | D:2      | 2036 ||| DROPPING +0 hand axe.
  2166 | D:2      | 2166 ||| UPGRADING to ring of protection from fire.
  2167 | D:2      | 2167 ||| READING scroll labelled PEET SUSOUTWOE.
  2168 | D:2      | 2168 ||| READING scroll labelled CAAFIVE FOXA.
  2169 | D:2      | 2169 ||| DRINKING 2 dark potions.
  2204 | D:2      | 2204 ||| READING 2 scrolls of identify.
  2204 | D:2      | 2204 ||| IDENTIFYING sedimented ruby potion
  2205 | D:2      | 2205 ||| DROPPING potion of lignification.
  2376 | D:3      | 2376 ||| FLEEEEING.
  2377 | D:3      | 2377 ||| FLEEEEING.
  2378 | D:3      | 2378 ||| FLEEEEING.
  2379 | D:3      | 2379 ||| FLEEEEING.
  2380 | D:3      | 2380 ||| FLEEEEING.
  2381 | D:3      | 2381 ||| FLEEEEING.
  2382 | D:3      | 2382 ||| FLEEEEING.
  2383 | D:3      | 2383 ||| FLEEEEING.
  2384 | D:3      | 2384 ||| FLEEEEING.
  2386 | D:3      | 2386 ||| FLEEEEING.
  2387 | D:3      | 2387 ||| FLEEEEING.
  2389 | D:3      | 2389 ||| FLEEEEING.
  2390 | D:3      | 2390 ||| FLEEEEING.
  2391 | D:3      | 2391 ||| FLEEEEING.
  2392 | D:3      | 2392 ||| FLEEEEING.
  2392 | D:3      | HP: 5/26 [poisoned by a kobold]
  2393 | D:3      | 2393 ||| FLEEEEING.
  2394 | D:3      | 2394 ||| FLEEEEING.
  2394 | D:3      | HP: 2/26 [poisoned by a kobold]
  2395 | D:3      | 2395 ||| FLEEEEING.
  2396 | D:3      | Succumbed to a kobold's poison

Levels and vault maps discovered:
D:1:      dpeg_arrival_simpleton_c, layout_rooms, serial_corexii_hall,
          corexii_hall_statues_s, chequers_hall_statues_corner_a,
          corexii_hall_statues_i, corexii_hall_statues_x
D:2:      layout_basic, basic_ecumenical_altar, basic_altar, amethyst_killhole,
          skrybe_limestone_x, minmay_shallow_snake_nest
D:3:      layout_basic, mainiacjoe_overflow_cross_hatched,
          gammafunk_ghost_nasty_kobolds, minmay_cupped

Skill      XL: |  1  2  3 |
---------------+----------+-----
Axes           | 3 4 |  4.9
Fighting       | |  2.0
Throwing       | |  1.0
Armour         | |  1.1
Dodging        | |  2.1
Spellcasting   | |  2.0
Translocations | |  2.4

Action                   |  1- 3 |  4- 6 || total
-------------------------+-------+-------++-------
Melee: Hand axe          |    84 |    20 ||   104
       Kick              |    21 |     5 ||    26
       Peck              |    16 |     2 ||    18
Throw: Boomerang         |     7 |       ||     7
  Use: Scroll            |     4 |     3 ||     7
       Potion            |     1 |     1 ||     2
Armor: Leather armour    |    24 |       ||    24
       Scale mail        |     8 |     7 ||    15
Dodge: Dodged            |    54 |     9 ||    63

Table legend:
 A = Non-vault XP
 B = Vault XP
 C = Vault XP percentage of total XP
 D = Non-vault monster count
 E = Vault monster count
 F = Vault count percentage of total count
                 A         B        C        D         E       F
            +---------+---------+-------+---------+---------+-------
      Total |      88 |      17 |  16.2 |      44 |       4 |   8.3
            +---------+---------+-------+---------+---------+-------
        D:1 |      33 |       0 |   0.0 |      18 |       0 |   0.0
        D:2 |      48 |      17 |  26.2 |      22 |       4 |  15.4
        D:3 |       7 |       0 |   0.0 |       4 |       0 |   0.0
            +---------+---------+-------+---------+---------+-------
